 Dungeon Crawl Stone Soup version 0.28-a0-511-gcc94558de3 (webtiles) character file.

Game seed: 1012950819358938741

344 robertstho the Magician (level 6, 0/43 HPs)
             Began as a Djinni Fire Elementalist on Sept 21, 2021.
             Slain by a gnoll (7 damage)
             ... on level 3 of the Dungeon.
             The game lasted 00:04:32 (4397 turns).

robertstho the Magician (Djinni Fire Elementalist)  Turns: 4397, Time: 00:04:33

Health: 0/43       AC:  2    Str:  7    XL:     6   Next: 89%
Gold:   136        EV: 12    Int: 18    God:
                   SH:  0    Dex: 14

rFire   + + .      SeeInvis .   c - +0 long sword
rCold   x . .      Faith    .   (no shield)
rNeg    . . .      Spirit   .   a - +0 robe
rPois   ∞          Reflect  .   (no helmet)
rElec   .          Harm     .   (no cloak)
rCorr   .          Rampage  .   (no gloves)
Will    .....                   (boots unavailable)
Stlth   ++........              (no amulet)
HPRegen 0.14/turn               g - ring of wizardry
MPRegen 0.00/turn               (no ring)

@: flying
A: sickness immunity, fire resistance 2, cold vulnerability 1, float, innate
caster, hp casting, extra vitality 1
a: no special abilities


You were on level 3 of the Dungeon.
You visited 1 branch of the dungeon, and saw 3 of its levels.

You collected 136 gold pieces.

Inventory:

Hand Weapons
 c - a +0 long sword (weapon)
Missiles
 k - 35 stones
Armour
 a - a +0 robe (worn)
Jewellery
 g - a ring of wizardry (left hand)
 s - an amulet of regeneration
Scrolls
 b - a scroll of teleportation {unknown}
 d - a scroll of vulnerability {unknown}
 i - a scroll of amnesia {unknown}
 j - a scroll of immolation {unknown}
 n - a scroll of fog {unknown}
 o - a scroll of magic mapping {unknown}
 q - a scroll of fear {unknown}
 r - a scroll of identify {unknown}
 t - a scroll of enchant armour {unknown}
Potions
 e - a potion of resistance {unknown}
 f - a potion of curing {unknown}
 h - a potion of haste {unknown}
 l - 2 potions of ambrosia {unknown}
 m - a potion of invisibility {unknown}
 p - a potion of might {unknown}


   Skills:
 * Level 1.7 Fighting
 + Level 0.9 Long Blades
 + Level 2.4 Dodging
 + Level 2.1 Stealth
 * Level 4.9 Spellcasting


You couldn't memorise any spells.
You knew the following spells:

 Your Spells              Type           Power      Damage    Failure   Level
a - Foxfire               Conj/Fire      88%        2x1d8     1%          1
b - Scorch                Fire           44%        2d7       1%          2
c - Conjure Flame         Conj/Fire      22%        6-21      2%          3
d - Inner Flame           Hex/Fire       22%        N/A       2%          3
e - Flame Wave            Conj/Fire      22%        3d6       7%          4
f - Sandblast             Erth           44%        2d11      1%          1
g - Corpse Rot            Necr/Air       N/A        N/A       1%          2
Your spell library was empty.

Dungeon Overview and Level Annotations

Branches:
Dungeon (3/15)

Altars:
Okawaru

Shops:
D:3 =


Innate Abilities, Weirdness & Mutations

You are immune to sickness and miasma.
You are immune to poison.
Your flesh is very heat resistant. (rF++)
You are vulnerable to cold. (rC-)
You float through the air rather than walking.
You learn spells naturally, not from books.
Your magical power is your life essence.
You have superior vitality. (+4 HP)


Message History

Flames lash the gnoll.
The gnoll is moderately wounded.
The gnoll's fire resistance burns away.
The gnoll hits you from afar with a +0 spear!
Casting: Scorch (safe; 1% risk of failure)
Confirm with . or Enter, or press ? or * to list all spells.
Flames lash the gnoll.
The gnoll is burned terribly!
You kill the gnoll!
You hear a shout!
Unknown command.
A gnoll comes into view. It is wielding a +0 spear.
The gnoll hits you from afar with a +0 spear.
You see here a +0 spear.
A gnoll comes into view. It is wielding a +0 club.
Found a stone staircase leading down.
The gnoll shouts!
The gnoll moves out of view.
You hit the gnoll but do no damage. The gnoll hits you with a +0 spear!
The gnoll hits you with a +0 club.
You closely miss the gnoll. The gnoll completely misses you.
The gnoll misses you. The gnoll barely misses you.
Casting: Scorch (safe; 1% risk of failure)
Confirm with . or Enter, or press ? or * to list all spells.
Flames lash the gnoll.
The gnoll is severely wounded.
The gnoll's fire resistance burns away.
The gnoll hits you with a +0 club. The gnoll barely misses you.
Casting: Scorch (safe; 1% risk of failure)
Confirm with . or Enter, or press ? or * to list all spells.
Flames lash the gnoll but do no damage.
The gnoll completely misses you. The gnoll hits you with a +0 spear.
* * * LOW HITPOINT WARNING * * *
Casting: Scorch (safe; 1% risk of failure)
Confirm with . or Enter, or press ? or * to list all spells.
Flames lash the gnoll.
The gnoll is heavily wounded.
The gnoll's fire resistance burns away.
* * * LOW HITPOINT WARNING * * *
The gnoll barely misses you. The gnoll hits you with a +0 spear!
You die...

.##########
..........######
###.......#.....
..'.......+....>
#.#.......#.....
..#.......#.....
..#.......# ...
#.#.......# #g##########
#.#.......# #g@).).....#
#.######################.#
#.# #......... #.# #.#
#......... #.# #.#
#......... #.# #.#
#......... #.# #.#
###......... #.#
#'####........... #.#
....##.#.###############.#


You could see 2 gnolls.

Vanquished Creatures
  A black bear (D:3)
  A water moccasin zombie (D:3)
  Jessica (D:2)
  2 orc wizards (D:3)
  2 gnolls (D:3)
  2 adders
  3 worms (D:2)
  3 dart slugs (D:3)
  7 orcs (D:3)
  5 ball pythons
  5 bats
  4 endoplasms
  3 giant cockroaches
  3 goblins
  6 hobgoblins
  2 jackals (D:3)
  9 kobolds
  A quokka (D:3)
  3 frilled lizards (D:1)
  6 rats
69 creatures vanquished.

Vanquished Creatures (others)
  77 foxfires (D:1)
77 creatures vanquished.

Grand Total: 146 creatures vanquished

Notes
Turn   | Place    | Note
-------+----------+-------------------------------------------
     0 | D:1      | robertstho the Djinni Fire Elementalist began the quest for
                  | the Orb.
     0 | D:1      | Reached XP level 1. HP: 15/15 MP: 0/0
   386 | D:1      | Reached XP level 2. HP: 17/21 MP: 0/0
  1397 | D:1      | Found a faded altar of an unknown god.
  1473 | D:2      | Reached skill level 3 in Spellcasting
  1473 | D:2      | Reached XP level 3. HP: 23/26 MP: 0/0
  1473 | D:2      | Learned a level 1 spell: Sandblast
  1910 | D:2      | Found an iron altar of Okawaru.
  2141 | D:2      | Noticed Jessica
  2145 | D:2      | Killed Jessica
  2146 | D:2      | Reached skill level 1 in Fighting
  2146 | D:2      | Reached XP level 4. HP: 29/32 MP: 0/0
  3134 | D:3      | Reached skill level 4 in Spellcasting
  3134 | D:3      | Reached XP level 5. HP: 18/37 MP: 0/0
  3134 | D:3      | Learned a level 2 spell: Corpse Rot
  3352 | D:3      | Noticed a black bear
  3357 | D:3      | Killed a black bear
  3358 | D:3      | Reached XP level 6. HP: 37/43 MP: 0/0
  3684 | D:3      | Found Girynar's Jewellery Boutique.
  4397 | D:3      | Slain by a gnoll

Illustrated notes

Levels and vault maps discovered:
D:1:      amcnicky_arrival_underground_garden, layout_basic,
          chequers_ecumenical_altar_simple
D:2:      layout_loops_ring, basic_altar, chequers_jeans, uniq_jessica
D:3:      layout_basic, serial_shops, shop, kennysheep_generic_room_16

Skill      XL: |  1  2  3  4 |
---------------+-------------+-----
Spellcasting   | 3 4 |  4.9
Fighting       | 1 |  1.7
Stealth        | 2 |  2.1
Long Blades    | |  0.9
Dodging        | |  2.4

Action                   |  1- 3 |  4- 6 || total
-------------------------+-------+-------++-------
Melee: Long sword        |    14 |    19 ||    33
 Cast: Foxfire           |    45 |       ||    45
       Scorch            |    19 |    59 ||    78
 Stab: Sleeping          |       |     2 ||     2
Armor: Robe              |     4 |     8 ||    12
Dodge: Dodged            |    18 |    26 ||    44

Table legend: (Time is in decaauts)
 A = Elapsed time spent in this place.
 B = Non-inter-level travel time spent in this place.
 C = Inter-level travel time spent in this place.
 D = Time resting spent in this place.
 E = Time spent auto-exploring this place.
 F = Levels seen in this place.
 G = Mean time per level.
                   A        B        C        D        E       F      G
               +--------+--------+--------+--------+--------+-----+--------+
         Total |   4409 |   4303 |    106 |      0 |   3910 |   3 | 1469.7 |
       Dungeon |   4409 |   4303 |    106 |      0 |   3910 |   3 | 1469.7 |
               +--------+--------+--------+--------+--------+-----+--------+

Top non-repeatable levels by time:
     D:1: 1613 daAuts
     D:3: 1489 daAuts
     D:2: 1305 daAuts
